Map: Tuonela LE

Players

IIIIIIIIIII

  • Race: Zerg Zerg
  • Spawn Location: 12:00

StAndrew

  • Race: Protoss Protoss
  • Spawn Location: 11:00

æææ

  • Race: Terran Terran
  • League: Diamond
  • Spawn Location: 11:00

SOLARFC

  • Race: Protoss Protoss
  • Spawn Location: 9:00

LoXoR - Winner!

  • Race: Zerg Zerg
  • League: Diamond
  • Spawn Location: 3:00

SupplyBlocK - Winner!

  • Race: Terran Terran
  • League: Grandmaster
  • Spawn Location: 5:00

Rimaani - Winner!

  • Race: Terran Terran
  • Spawn Location: 5:00

Toasted - Winner!

  • Race: Protoss Protoss
  • League: Diamond
  • Spawn Location: 6:00

VOD

Have the link to the VOD?

Description

Time

  • Played on: Oct. 21, 2026, 8:05 a.m.
  • Length: 16:41
Show
View Real Time Build Order
Export as new Build Order

IIIIIIIIIII Zerg 

Build Orders: Hatch First 

Get SALT Encoding   

  12  0:00  Drone  
  13  0:08  Drone  
  14  0:16  Overlord  
  14  0:27  Extractor, Drone  
  14  0:35  Drone x2  
  17  0:44  Drone  
  18  0:55  Hatchery  
  17  0:57  Drone  
  17  1:00  Extractor  
  17  1:15  Spawning Pool  
  17  1:16  Drone  
  17  1:19  Drone  
  18  1:27  Drone  
  19  1:38  Drone  
  20  1:47  Hatchery  
  19  1:58  Drone  
  20  2:02  Queen  
  20  2:07  Drone  
  20  2:08  Drone  
  24  2:12  Drone  
  25  2:16  Metabolic Boost  
  25  2:18  Drone  
  25  2:22  Drone  
  27  2:30  Drone  
  28  2:39  Evolution Chamber  
  27  2:46  Drone  
  27  2:50  Overlord  
  28  2:59  Drone x2  
  28  3:00  Drone x2, Queen  
  34  3:08  Queen  
  34  3:10  Zerg Melee Weapons Level 1  
  36  3:13  Drone x2  
  36  3:18  Drone  
  36  3:19  Drone  
  40  3:20  Drone  
  40  3:24  Overlord  
  41  3:27  Overlord  
  41  3:41  Zergling x2  
  41  3:42  Zergling x2  
  41  3:43  Zergling x8  
  41  3:48  Spore Crawler, Drone  
  47  3:50  Zergling x4  
  47  3:51  Zergling x4  
  51  3:58  Drone x2  
  51  4:01  Extractor  
  51  4:02  Drone  
  53  4:03  Extractor  
  53  4:07  Zergling x4  
  53  4:09  Drone  
  55  4:10  Extractor  
  55  4:11  Zergling x4  
  56  4:17  Drone x2  
  56  4:19  Overlord x2  
  58  4:38  Zergling x8  
  54  4:47  Hatchery  
  54  4:51  Drone  
  54  4:52  Drone  
  55  4:55  Spore Crawler  
  55  4:56  Spore Crawler  
  53  5:00  Drone  
  53  5:01  Drone x3  
  53  5:02  Drone  
  53  5:03  Drone x2  
  53  5:04  Zergling x4, Zerg Ground Armor Level 1  
  62  5:09  Overlord  
  62  5:13  Overlord  
  62  5:23  Zergling x8  
  62  5:25  Overlord x2  
  66  5:30  Lair  
  66  5:41  Zergling x2  
  66  5:42  Zergling x16  
  68  6:00  Drone  
  68  6:03  Zergling x2  
  68  6:04  Zergling x12  
  72  6:05  Zergling x6  
  72  6:06  Evolution Chamber  
  78  6:11  Queen  
  78  6:13  Zergling x4  
  78  6:14  Drone  
  78  6:15  Drone  
  84  6:21  Drone  
  84  6:22  Drone  
  86  6:32  Zerg Melee Weapons Level 2  
  86  6:34  Infestation Pit  
  85  6:47  Zergling x4  
  85  6:48  Zergling x18  
  85  6:49  Zergling x2, Overlord  
  70  7:11  Drone x6  
  70  7:12  Drone x3  
  70  7:13  Hive  
  76  7:19  Drone x6  
  82  7:24  Drone x2  
  84  7:31  Drone  
  84  7:32  Drone x3  
  88  7:37  Extractor  
  88  7:38  Extractor  
  88  7:40  Spore Crawler  
  88  7:42  Spore Crawler  
  88  7:43  Drone x3  
  87  7:44  Spore Crawler  
  87  7:45  Drone x3  
  89  7:56  Zerg Ground Armor Level 2  
  89  8:06  Zergling x4  
  89  8:07  Spore Crawler  
  89  8:08  Spore Crawler  
  89  8:18  Spore Crawler  
  88  8:29  Extractor, Hatchery  
  88  8:32  Extractor  
  85  8:52  Ultralisk Cavern  
  84  9:07  Overlord x5  
  84  9:08  Overlord x7  
  84  9:13  Zerg Melee Weapons Level 3  
  84  9:16  Drone x6  
  84  9:17  Drone  
  91  9:21  Zergling x18  
  91  9:22  Zergling x12  
  91  9:23  Zergling x2  
  77  10:09  Ultralisk x3  
  77  10:10  Ultralisk x5  
  77  10:13  Chitinous Plating  
  125  10:24  Drone  
  125  10:26  Ultralisk  
  125  10:27  Ultralisk  
  138  10:30  Zergling x6  
  138  10:31  Zergling x2  
  142  10:36  Zerg Ground Armor Level 3  
  142  10:45  Ultralisk  
  142  10:46  Zergling x2  
  142  10:47  Zergling x10  
  154  11:01  Ultralisk x2  
  141  11:31  Anabolic Synthesis  
  141  11:32  Ultralisk x3  
  153  11:33  Ultralisk x2  
  156  11:59  Ultralisk  
  156  12:00  Ultralisk  
  168  12:02  Zergling x6  
  159  12:19  Ultralisk x2  
  171  12:23  Hatchery  
  90  13:18  Ultralisk  
  90  13:19  Ultralisk x4  
  108  13:48  Ultralisk x3  
  108  13:50  Zergling x10  
  108  13:51  Zergling x14  
  108  13:52  Zergling x8  
Show
View Real Time Build Order
Export as new Build Order

StAndrew Protoss 

Build Orders: 1 Gate Expand, Oracle Opening, Phoenix Opening, Mass Phoenix 

Get SALT Encoding   

  12  0:00  Probe  
  13  0:12  Probe  
  14  0:17  Pylon  
  14  0:24  Probe  
  15  0:37  Probe (Chrono Boost)  
  16  0:45  Gateway  
  16  0:49  Probe (Chrono Boost)  
  17  0:50  Assimilator  
  17  0:54  Probe (Chrono Boost)  
  18  1:03  Probe  
  19  1:09  Assimilator  
  19  1:15  Probe  
  20  1:27  Probe  
  20  1:32  Cybernetics Core  
  21  1:44  Nexus  
  21  1:53  Probe  
  22  1:55  Pylon  
  22  2:05  Probe  
  23  2:15  Stargate  
  23  2:17  Probe  
  23  2:20  Pylon  
  24  2:23  Stalker  
  24  2:29  Probe  
  27  2:44  Probe  
  28  2:56  Probe x2  
  28  2:58  Oracle (Chrono Boost)  
  30  3:01  Shield Battery  
  33  3:08  Probe (Chrono Boost)  
  33  3:11  Probe (Chrono Boost)  
  35  3:18  Assimilator  
  36  3:20  Probe (Chrono Boost)  
  36  3:25  Probe (Chrono Boost)  
  36  3:26  Probe (Chrono Boost)  
  38  3:33  Probe  
  39  3:34  Shield Battery, Phoenix (Chrono Boost)  
  39  3:35  Probe  
  39  3:38  Assimilator  
  42  3:45  Probe  
  42  3:47  Probe  
  44  3:57  Probe  
  44  3:58  Phoenix (Chrono Boost)  
  44  3:59  Probe  
  48  4:02  Stargate  
  48  4:08  Pylon  
  48  4:09  Probe  
  49  4:11  Probe  
  49  4:14  Phoenix  
  52  4:21  Probe  
  53  4:36  Nexus  
  53  4:37  Probe x2  
  55  4:39  Phoenix  
  57  4:48  Phoenix  
  57  4:51  Probe x2  
  61  5:03  Probe  
  62  5:10  Pylon  
  62  5:12  Pylon  
  62  5:27  Phoenix  
  64  5:34  Probe  
  64  5:35  Probe  
  66  5:37  Forge  
  66  5:39  Pylon  
  66  5:40  Assimilator  
  66  5:44  Assimilator, Phoenix  
  66  5:46  Pylon, Probe  
  66  5:47  Probe  
  66  5:49  Protoss Air Weapons Level 1 (Chrono Boost)  
  70  5:52  Probe, Phoenix  
  73  5:58  Probe  
  74  6:09  Phoenix  
  76  6:21  Phoenix  
  78  6:27  Probe  
  78  6:28  Probe  
  80  6:34  Phoenix, Fleet Beacon  
  80  6:37  Stargate  
  83  6:40  Probe (Chrono Boost), Stargate  
  83  6:44  Pylon  
  83  6:45  Probe (Chrono Boost)  
  83  6:46  Probe (Chrono Boost), Pylon  
  85  6:49  Probe (Chrono Boost)  
  86  6:58  Probe x3  
  83  7:13  Phoenix x2  
  83  7:17  Probe x2  
  85  7:23  Probe  
  85  7:25  Photon Cannon  
  85  7:26  Photon Cannon  
  85  7:28  Photon Cannon  
  85  7:29  Anion Pulse-Crystals (Chrono Boost)  
  90  7:30  Photon Cannon  
  90  7:31  Photon Cannon  
  90  7:32  Shield Battery  
  90  7:33  Phoenix x2 (Chrono Boost)  
  90  7:36  Protoss Air Weapons Level 2 (Chrono Boost)  
  90  7:37  Shield Battery  
  90  7:41  Phoenix (Chrono Boost)  
  94  7:45  Phoenix (Chrono Boost)  
  94  8:15  Tempest x2 (Chrono Boost)  
  94  8:31  Tempest (Chrono Boost)  
  94  8:33  Tempest (Chrono Boost)  
  102  8:45  Protoss Shields Level 1  
  102  8:49  Nexus  
  102  8:50  Pylon  
  102  8:53  Pylon  
  102  8:56  Tempest (Chrono Boost), Assimilator  
  110  9:04  Tempest (Chrono Boost)  
  110  9:06  Tempest (Chrono Boost)  
  118  9:11  Tempest (Chrono Boost)  
  118  9:12  Photon Cannon  
  118  9:15  Photon Cannon  
  96  9:50  Phoenix  
  96  9:51  Phoenix x3  
  92  10:08  Unknown  
  92  10:13  Tempest x2 (Chrono Boost)  
  92  10:14  Tempest (Chrono Boost)  
  92  10:17  Shield Battery  
  92  10:18  Carrier (Chrono Boost)  
  92  10:19  Shield Battery, Probe x3  
  92  10:20  Shield Battery  
  107  10:23  Photon Cannon  
  107  10:26  Protoss Air Armor Level 1 (Chrono Boost)  
  107  10:27  Photon Cannon  
  113  10:29  Photon Cannon  
  113  10:32  Photon Cannon  
  113  10:36  Photon Cannon  
  113  10:37  Photon Cannon  
  113  10:43  Assimilator  
  121  10:55  Tempest x2 (Chrono Boost)  
  125  10:57  Tempest (Chrono Boost)  
  125  11:12  Tempest  
  119  11:33  Tempest  
  123  11:42  Tempest (Chrono Boost)  
  123  11:43  Tempest (Chrono Boost)  
  125  12:03  Carrier (Chrono Boost)  
  123  12:17  Photon Cannon, Carrier (Chrono Boost)  
  123  12:19  Photon Cannon, Pylon  
  123  12:20  Photon Cannon  
  123  12:21  Pylon  
  123  12:22  Tempest (Chrono Boost)  
  129  12:24  Pylon  
  137  12:30  Tempest (Chrono Boost)  
  137  12:53  Twilight Council  
  137  12:54  Pylon  
  137  12:56  Pylon  
  137  12:58  Carrier, Pylon  
  139  13:18  Tempest, Carrier  
  141  13:27  Tempest  
  113  14:01  Tempest x2  
  111  14:10  Tempest  
  69  14:49  Tempest  
  69  14:50  Tempest x2  
Show
View Real Time Build Order
Export as new Build Order

æææ Terran 

Build Orders: 2 Factory, Reaper Expand, Mech 

Get SALT Encoding   

  12  0:02  SCV  
  13  0:14  SCV  
  13  0:18  Supply Depot  
  14  0:26  SCV  
  15  0:40  SCV  
  15  0:42  Barracks  
  16  0:45  Refinery  
  16  0:52  SCV  
  17  1:04  SCV  
  18  1:16  SCV  
  19  1:27  Reaper  
  19  1:28  Orbital Command  
  20  1:41  Command Center  
  20  1:51  Refinery  
  20  1:54  SCV  
  21  1:59  Reaper  
  21  2:06  SCV  
  23  2:23  Factory  
  23  2:25  Supply Depot  
  23  2:45  Reaper  
  23  2:46  SCV  
  25  2:53  Factory  
  25  2:58  SCV  
  25  2:59  Orbital Command  
  26  3:10  SCV  
  26  3:17  Factory Tech Lab  
  25  3:22  SCV  
  26  3:34  SCV  
  26  3:37  SCV  
  28  3:47  SCV  
  28  3:48  Factory Tech Lab  
  29  3:49  SCV  
  29  3:54  Command Center  
  30  3:57  Cyclone  
  30  3:59  SCV  
  30  4:01  SCV  
  35  4:04  Supply Depot  
  35  4:08  Cyclone  
  38  4:11  SCV  
  38  4:13  SCV  
  40  4:23  SCV  
  41  4:25  SCV  
  41  4:27  Factory  
  41  4:28  Mag-Field Accelerator  
  41  4:29  Cyclone  
  45  4:31  Refinery  
  45  4:32  Refinery  
  45  4:35  SCV  
  45  4:37  SCV  
  47  4:47  SCV  
  47  4:48  Cyclone  
  47  4:49  SCV  
  52  4:53  Engineering Bay  
  52  4:59  SCV  
  53  5:01  SCV  
  53  5:05  Cyclone  
  44  5:07  Orbital Command  
  57  5:10  Factory Tech Lab  
  57  5:11  SCV  
  57  5:13  Supply Depot  
  57  5:14  SCV  
  59  5:23  SCV  
  59  5:26  SCV  
  61  5:35  SCV  
  61  5:38  Cyclone x2, SCV  
  61  5:39  Cyclone  
  72  5:44  Orbital Command  
  72  5:47  Missile Turret  
  72  5:48  SCV  
  73  5:50  SCV  
  73  5:52  Missile Turret  
  74  5:59  Factory  
  74  6:00  SCV  
  74  6:03  Factory  
  75  6:10  SCV x2  
  77  6:32  SCV x3  
  77  6:43  Cyclone  
  77  7:18  Refinery  
  77  7:19  Refinery  
  77  7:24  Supply Depot  
  77  7:25  Supply Depot x2, Factory Tech Lab x2  
  77  7:26  Supply Depot x2  
  77  7:30  Armory  
  77  7:31  Armory  
  77  7:42  Command Center  
  77  7:46  SCV x2, Siege Tank, Cyclone  
  77  7:47  SCV, Siege Tank x2, Hellion  
  77  7:49  Supply Depot  
  77  7:50  Supply Depot  
  94  7:52  Supply Depot x2  
  94  7:54  Supply Depot  
  94  7:58  SCV x2  
  96  7:59  SCV  
  97  8:08  Command Center  
  97  8:10  Command Center, SCV x2  
  97  8:11  SCV  
  100  8:14  Siege Tank  
  103  8:22  SCV x2  
  103  8:23  SCV  
  94  8:34  SCV x2  
  94  8:35  SCV  
  97  8:42  Missile Turret  
  97  8:45  Missile Turret  
  97  8:50  Missile Turret  
  97  8:51  Missile Turret x2  
  97  8:53  Missile Turret  
  97  8:54  Planetary Fortress, Missile Turret  
  97  8:55  Thor x2  
  97  8:56  Thor x2  
  97  8:57  Missile Turret  
  97  9:00  SCV x2  
  97  9:02  Missile Turret  
  123  9:05  Missile Turret  
  123  9:13  Terran Vehicle Weapons Level 1, Terran Vehicle And Ship Armor Level 1  
  123  9:26  Missile Turret  
  123  9:27  Refinery  
  123  9:31  Refinery  
  102  9:40  Thor x3  
  102  9:41  Thor  
  108  10:00  Thor  
  114  10:19  Orbital Command  
  114  10:23  Thor x2  
  114  10:24  Hellbat x2  
  114  10:25  Infernal Pre-Igniter  
  130  10:43  Hellbat  
  130  10:46  Hellbat x2  
  136  11:04  Thor  
  136  11:06  Thor x2  
  136  11:10  Terran Vehicle Weapons Level 2  
  122  11:40  Thor x2  
  106  11:48  Thor  
  96  12:13  Thor  
  104  12:15  Hellbat  
  104  12:23  Hellbat x2  
  90  12:31  Hellbat  
  94  12:37  Hellbat  
  94  12:44  Hellbat  
  94  12:45  Hellbat  
  98  12:52  Thor  
  98  12:53  Command Center  
  98  12:56  Thor  
  98  12:58  Thor  
  116  13:05  Thor  
  116  13:06  Thor  
  119  13:35  Thor  
  119  13:40  Thor x2  
  105  13:56  Thor  
  93  14:12  Thor  
  87  14:41  Thor  
  87  14:42  Thor x2  
  93  15:02  Thor  
  84  15:16  Thor  
  90  15:24  Thor x3  
  108  15:45  Thor  
Show
View Real Time Build Order
Export as new Build Order

SOLARFC Protoss 

Build Orders: Phoenix Opening, Mass Phoenix 

Get SALT Encoding   

  12  0:01  Probe (Chrono Boost)  
  13  0:10  Probe (Chrono Boost)  
  14  0:15  Probe (Chrono Boost)  
  15  0:28  Pylon  
  15  0:46  Probe  
  16  0:57  Gateway  
  16  0:58  Forge, Probe  
  17  1:04  Assimilator  
  17  1:08  Assimilator  
  17  1:10  Probe  
  18  1:20  Pylon  
  18  1:22  Probe (Chrono Boost)  
  19  1:35  Probe (Chrono Boost)  
  20  1:43  Photon Cannon, Probe (Chrono Boost)  
  21  1:49  Probe  
  22  1:54  Photon Cannon  
  22  2:02  Pylon  
  22  2:06  Probe  
  23  2:20  Cybernetics Core  
  23  3:00  Nexus  
  23  3:09  Stargate  
  23  3:12  Stargate  
  23  3:24  Probe  
  24  3:36  Probe  
  25  3:48  Probe  
  26  3:53  Pylon  
  26  3:58  Phoenix x2  
  26  4:00  Probe  
  31  4:04  Pylon  
  31  4:12  Probe  
  32  4:23  Phoenix (Chrono Boost)  
  32  4:24  Phoenix (Chrono Boost), Probe  
  36  4:26  Probe (Chrono Boost)  
  38  4:38  Probe (Chrono Boost)  
  40  4:42  Probe (Chrono Boost)  
  40  4:46  Phoenix x2 (Chrono Boost)  
  40  4:50  Probe (Chrono Boost)  
  45  4:55  Probe  
  46  5:01  Probe  
  46  5:03  Phoenix  
  49  5:07  Phoenix, Probe  
  42  5:28  Phoenix  
  42  5:34  Probe (Chrono Boost)  
  44  5:37  Photon Cannon, Probe (Chrono Boost)  
  44  5:38  Assimilator  
  44  5:40  Assimilator  
  46  5:45  Phoenix  
  46  5:46  Probe (Chrono Boost)  
  46  5:49  Photon Cannon  
  48  5:51  Probe (Chrono Boost)  
  48  5:52  Probe (Chrono Boost)  
  49  5:58  Phoenix, Probe  
  49  6:01  Probe  
  53  6:10  Probe  
  54  6:12  Phoenix  
  54  6:13  Probe  
  57  6:21  Pylon  
  57  6:31  Nexus  
  57  6:33  Protoss Air Weapons Level 1 (Chrono Boost), Pylon  
  57  6:34  Phoenix  
  57  6:36  Assimilator  
  57  6:39  Assimilator  
  59  6:49  Phoenix  
  59  6:52  Shield Battery  
  61  6:54  Photon Cannon  
  61  6:58  Photon Cannon  
  61  7:02  Photon Cannon  
  61  7:05  Pylon  
  61  7:10  Phoenix  
  63  7:21  Fleet Beacon  
  63  7:25  Probe x2  
  63  7:28  Phoenix  
  67  7:34  Stargate  
  67  7:39  Phoenix  
  69  7:46  Probe (Chrono Boost)  
  72  7:51  Probe x2 (Chrono Boost)  
  72  7:55  Phoenix  
  72  7:58  Probe (Chrono Boost)  
  75  8:01  Probe x2 (Chrono Boost)  
  75  8:02  Anion Pulse-Crystals (Chrono Boost), Probe (Chrono Boost)  
  78  8:08  Stargate  
  78  8:12  Phoenix  
  76  8:31  Phoenix x2  
  74  8:37  Phoenix  
  74  8:38  Photon Cannon  
  74  8:39  Shield Battery  
  76  8:41  Photon Cannon  
  76  8:44  Probe  
  76  8:46  Photon Cannon  
  77  8:56  Phoenix, Protoss Air Weapons Level 2 (Chrono Boost)  
  77  8:58  Probe x3  
  77  9:00  Phoenix  
  84  9:07  Phoenix  
  86  9:12  Phoenix  
  66  9:40  Tempest x2  
  66  9:41  Tempest  
  72  9:59  Photon Cannon  
  72  10:00  Tempest  
  76  10:23  Tempest  
  80  10:30  Pylon  
  80  10:31  Pylon  
  80  10:33  Pylon  
  80  10:37  Tempest  
  84  10:47  Tempest  
  88  10:50  Shield Battery  
  88  10:51  Shield Battery  
  88  10:53  Photon Cannon  
  88  10:54  Photon Cannon  
  88  10:56  Photon Cannon  
  88  10:57  Photon Cannon  
  88  11:00  Photon Cannon  
  88  11:06  Tempest  
  92  11:13  Protoss Air Armor Level 1 (Chrono Boost)  
  81  11:48  Pylon  
  81  11:58  Nexus  
  81  12:17  Pylon  
  81  12:27  Photon Cannon  
  81  12:35  Tempest (Chrono Boost)  
  85  12:37  Pylon  
  85  12:38  Pylon  
  85  12:40  Pylon  
  85  12:42  Pylon  
  85  12:44  Pylon  
  85  12:49  Shield Battery  
  85  12:51  Shield Battery  
  85  12:54  Photon Cannon x2  
  85  12:55  Tempest (Chrono Boost)  
  85  12:56  Tempest (Chrono Boost), Photon Cannon  
  85  12:57  Photon Cannon  
  97  13:00  Photon Cannon  
  97  13:02  Tempest (Chrono Boost)  
  97  13:15  Carrier (Chrono Boost)  
  97  13:18  Protoss Air Armor Level 2  
  99  13:54  Tempest  
  99  13:55  Tempest x2  
  107  14:12  Tempest (Chrono Boost)  
  95  14:34  Tempest (Chrono Boost)  
  105  14:45  Tempest x2 (Chrono Boost)  
  97  14:49  Tempest (Chrono Boost)  
  96  15:10  Tempest  
  100  15:20  Tempest  
Show
View Real Time Build Order
Export as new Build Order

LoXoR Zerg - Winner!

Build Orders: Pool First 

Get SALT Encoding   

  12  0:01  Drone  
  13  0:10  Drone  
  14  0:17  Overlord  
  14  0:36  Drone x3  
  17  0:45  Extractor  
  17  0:47  Drone  
  17  0:54  Spawning Pool  
  16  0:57  Drone  
  17  1:21  Hatchery, Drone  
  17  1:24  Drone  
  18  1:30  Drone  
  19  1:44  Queen  
  21  1:48  Metabolic Boost  
  21  1:54  Overlord  
  21  2:00  Drone  
  22  2:05  Evolution Chamber  
  22  2:07  Drone  
  22  2:14  Drone  
  23  2:21  Queen  
  25  2:27  Drone  
  26  2:34  Drone  
  27  2:38  Drone  
  27  2:43  Zerg Ground Armor Level 1  
  28  2:48  Drone x2  
  30  2:56  Drone x2  
  30  2:57  Drone  
  33  2:59  Zergling x2  
  33  3:01  Zergling x2  
  35  3:06  Overlord  
  35  3:14  Zergling x2  
  36  3:26  Zergling x6  
  39  3:27  Zergling x2, Hatchery  
  39  3:32  Drone x2  
  41  3:35  Spore Crawler  
  40  3:50  Drone x4  
  40  3:53  Spore Crawler  
  40  3:54  Drone  
  44  3:56  Overlord  
  44  4:04  Lair  
  44  4:08  Extractor  
  44  4:09  Overlord x2  
  43  4:13  Drone, Extractor  
  43  4:14  Drone  
  43  4:15  Drone, Extractor  
  44  4:18  Drone  
  45  4:25  Drone  
  45  4:26  Drone x2  
  45  4:30  Evolution Chamber  
  48  4:31  Zergling x2  
  48  4:38  Zergling x4  
  48  4:39  Evolution Chamber, Zergling x2  
  48  4:40  Zergling x2  
  48  4:41  Zergling x2  
  48  4:43  Zergling x2  
  49  4:48  Drone  
  49  4:50  Evolution Chamber  
  49  4:51  Drone  
  49  4:52  Drone  
  51  4:55  Drone  
  51  4:57  Drone  
  53  5:00  Zerg Melee Weapons Level 1  
  53  5:07  Drone x2  
  54  5:08  Infestation Pit  
  54  5:09  Drone  
  54  5:13  Drone x2  
  57  5:20  Drone  
  57  5:21  Drone x3  
  60  5:26  Spore Crawler  
  57  5:30  Drone x3  
  57  5:31  Drone  
  57  5:35  Spore Crawler  
  60  5:38  Zergling x4  
  60  5:42  Zergling x4  
  64  5:47  Zergling x6  
  64  5:49  Zergling x2  
  68  5:56  Hive  
  68  5:59  Drone x2  
  68  6:01  Drone x2  
  72  6:14  Spore Crawler  
  72  6:15  Queen  
  73  6:22  Hatchery  
  73  6:24  Spore Crawler  
  69  6:26  Drone x2  
  69  6:27  Drone x2  
  73  6:33  Overlord x3  
  73  6:41  Overlord x3  
  73  6:46  Zerg Ground Armor Level 2  
  73  6:53  Drone  
  73  6:54  Drone x3  
  77  6:56  Zerg Melee Weapons Level 2  
  77  6:57  Zergling x2  
  77  6:59  Zergling x4  
  79  7:02  Zergling x4  
  79  7:04  Zergling x2  
  79  7:07  Drone x2  
  79  7:08  Drone  
  81  7:10  Extractor  
  81  7:11  Extractor  
  81  7:12  Zergling x4  
  81  7:16  Drone  
  81  7:19  Drone  
  81  7:21  Drone  
  84  7:24  Drone x3  
  84  7:29  Ultralisk Cavern  
  86  7:31  Drone  
  86  7:32  Drone x2  
  86  7:35  Zergling x2  
  90  7:43  Drone x6  
  90  7:44  Queen  
  96  7:47  Extractor  
  96  7:48  Drone  
  98  7:51  Extractor  
  98  7:53  Drone x3  
  98  7:55  Drone x2  
  98  7:56  Drone  
  104  7:58  Drone  
  104  8:13  Hatchery  
  104  8:16  Anabolic Synthesis  
  104  8:18  Drone x2  
  104  8:19  Drone x2  
  107  8:20  Drone x3  
  107  8:22  Hatchery  
  107  8:23  Drone x3  
  112  8:36  Ultralisk  
  112  8:37  Ultralisk  
  112  8:38  Overlord  
  112  8:39  Overlord x3  
  124  8:58  Chitinous Plating  
  124  9:00  Drone x4  
  124  9:01  Spire  
  124  9:02  Adrenal Glands  
  127  9:04  Ultralisk, Extractor  
  127  9:05  Drone x3  
  127  9:06  Extractor  
  127  9:07  Drone x3  
  137  9:15  Spine Crawler, Spore Crawler x2  
  134  9:18  Ultralisk x2  
  146  9:24  Overlord x3  
  146  9:28  Zerg Melee Weapons Level 3  
  146  9:37  Zergling x16  
  146  9:38  Zergling x10  
  158  9:39  Zergling x2  
  158  9:44  Drone  
  158  9:45  Drone x3  
  164  9:51  Ultralisk  
  164  9:52  Ultralisk  
  170  9:55  Zergling x4  
  170  9:56  Zergling x4  
  174  10:07  Ultralisk x2  
  186  10:12  Baneling Nest  
  185  10:19  Ultralisk  
  191  10:21  Overlord x3  
  191  10:26  Zerg Ground Armor Level 3  
  191  10:29  Overlord x2  
  191  10:47  Ultralisk  
  197  11:18  Corruptor  
  190  11:29  Ultralisk  
  194  11:35  Swarm Host, Zergling x2  
  194  11:36  Zergling x14  
  194  11:37  Zergling x14  
  194  11:38  Zergling x2  
  174  11:40  Ultralisk x4  
  174  11:42  Zergling x10  
  174  11:43  Zergling x4  
  174  11:44  Zergling x4  
  174  11:45  Zergling x6  
  174  11:46  Zergling x2  
  179  11:50  Ultralisk  
  173  11:54  Ultralisk x2  
  173  11:57  Ultralisk x2  
  188  12:34  Zerg Missile Weapons Level 1  
  187  12:43  Ultralisk x5  
  187  12:44  Ultralisk  
  189  12:52  Ultralisk  
  183  13:02  Ultralisk x2  
  181  13:18  Ultralisk  
  181  13:19  Ultralisk  
  193  13:33  Ultralisk  
  193  13:34  Ultralisk  
  199  13:37  Zergling x2  
  188  13:41  Ultralisk  
  188  13:50  Ultralisk  
  188  13:54  Zergling x8  
  188  13:55  Zergling x4  
  200  13:59  Zergling x4  
  200  14:00  Zergling x6  
  199  14:05  Zergling x8  
  199  14:08  Zergling x6  
  200  14:20  Zergling x2  
  197  14:41  Zergling x2  
  197  14:42  Zergling x6  
  188  14:50  Zergling x4  
  188  14:51  Zergling x6  
  158  15:01  Zergling x20  
  158  15:02  Zergling x28  
  176  15:08  Corruptor x4  
  176  15:12  Corruptor x2  
  176  15:14  Corruptor x4  
  184  15:23  Corruptor  
  184  15:24  Corruptor x4  
  184  15:27  Corruptor  
  196  15:32  Zergling x2  
  196  15:33  Zergling x4  
  199  15:41  Zergling x2  
  198  16:04  Zergling x12  
  192  16:05  Zergling x10  
  196  16:18  Zergling x10  
  196  16:20  Zergling x4  
  196  16:21  Zergling x4  
Show
View Real Time Build Order
Export as new Build Order

SupplyBlocK Terran - Winner!

Build Orders: 2 Factory, Reaper Expand, Mech 

Get SALT Encoding   

  12  0:01  SCV  
  13  0:13  SCV  
  14  0:17  Supply Depot  
  14  0:26  SCV  
  15  0:39  SCV  
  15  0:40  Barracks  
  16  0:46  Refinery  
  16  0:51  SCV  
  17  1:03  SCV  
  18  1:15  SCV  
  19  1:27  Reaper  
  19  1:28  Orbital Command  
  20  1:39  Command Center  
  20  1:47  Supply Depot  
  20  1:53  SCV  
  21  2:00  Marine  
  22  2:03  Refinery  
  22  2:05  SCV  
  23  2:13  Factory  
  23  2:17  SCV  
  24  2:24  Barracks Tech Lab  
  24  2:29  SCV  
  25  2:41  SCV  
  26  2:49  Factory  
  26  2:51  Orbital Command  
  26  2:53  SCV  
  27  3:01  Refinery  
  27  3:02  Refinery  
  27  3:06  SCV  
  28  3:13  Siege Tank  
  28  3:16  Barracks Tech Lab  
  28  3:17  SCV  
  28  3:18  SCV  
  33  3:29  SCV  
  33  3:30  SCV  
  35  3:41  SCV  
  36  3:42  SCV  
  36  3:47  Siege Tank x2  
  43  3:53  Supply Depot x2, SCV  
  43  3:54  SCV  
  45  4:05  SCV  
  46  4:14  SCV  
  47  4:18  SCV  
  47  4:21  Armory  
  47  4:24  Command Center  
  48  4:27  SCV  
  48  4:30  SCV  
  50  4:39  SCV  
  50  4:42  SCV  
  52  4:48  Factory  
  52  4:49  Factory  
  52  4:51  Supply Depot, SCV  
  53  4:53  Supply Depot  
  53  4:55  SCV  
  54  5:03  SCV  
  56  5:07  SCV, Thor  
  56  5:13  Terran Vehicle Weapons Level 1  
  62  5:14  Supply Depot  
  62  5:15  SCV  
  62  5:19  SCV  
  64  5:23  Thor  
  64  5:27  SCV  
  71  5:33  SCV  
  71  5:35  Factory Tech Lab x2  
  71  5:37  Orbital Command  
  71  5:39  SCV  
  72  5:45  SCV  
  73  5:50  Thor  
  73  5:51  SCV  
  73  5:53  Thor  
  86  5:57  SCV  
  86  6:03  SCV  
  88  6:10  Thor x2  
  100  6:14  SCV  
  100  6:16  Refinery  
  101  6:20  SCV x2  
  101  6:24  Refinery  
  103  6:26  Supply Depot  
  103  6:27  SCV  
  103  6:32  SCV  
  105  6:39  SCV x2  
  107  6:41  Supply Depot  
  107  6:44  SCV  
  108  6:48  Thor, Siege Tank  
  108  6:49  Supply Depot  
  108  6:53  SCV  
  117  6:57  Siege Tank  
  117  7:00  SCV x2  
  116  7:02  Thor  
  116  7:06  SCV  
  120  7:12  SCV x2  
  120  7:13  Terran Vehicle Weapons Level 2  
  122  7:18  SCV  
  123  7:24  Armory  
  123  7:26  Supply Depot  
  123  7:28  Supply Depot  
  123  7:29  Thor  
  129  7:39  Supply Depot  
  129  7:40  Supply Depot  
  129  7:47  Supply Depot, Thor, Command Center  
  129  7:48  Supply Depot, SCV x2  
  137  7:53  Thor  
  137  7:54  Supply Depot  
  143  8:02  Siege Tank  
  143  8:03  SCV  
  147  8:15  Terran Vehicle And Ship Armor Level 1  
  147  8:16  Smart Servos  
  147  8:23  Siege Tank  
  150  8:27  Command Center  
  150  8:28  Command Center  
  150  8:32  Command Center  
  150  8:33  Thor  
  156  8:46  Thor  
  162  8:49  SCV x3  
  165  9:00  Thor  
  165  9:01  SCV x3  
  174  9:06  Refinery  
  174  9:10  Orbital Command  
  174  9:11  Thor  
  174  9:13  SCV x3  
  183  9:23  Thor  
  183  9:39  Thor  
  177  9:46  Thor  
  177  9:52  Orbital Command  
  165  9:54  Refinery  
  147  10:00  Thor  
  147  10:10  Terran Vehicle Weapons Level 3  
  147  10:11  Orbital Command  
  147  10:13  Orbital Command  
  147  10:24  Thor  
  153  10:28  Terran Vehicle And Ship Armor Level 2  
  153  10:42  Thor  
  153  10:49  Siege Tank  
  156  10:50  Siege Tank  
  159  11:07  Thor  
  165  11:21  Thor  
  165  11:23  Thor  
  171  11:32  Thor  
  171  11:42  Command Center  
  171  11:44  Command Center  
  171  11:50  Thor  
  177  12:01  Command Center  
  177  12:03  Command Center  
  177  12:04  Thor, Command Center  
  177  12:06  Thor, Command Center  
  177  12:07  Command Center  
  188  12:10  Command Center  
  188  12:15  Thor  
  192  12:33  Thor  
  198  13:06  Command Center  
  198  13:07  Command Center  
  198  13:08  Command Center  
  198  13:09  Command Center  
  198  13:11  Command Center x2  
  198  13:12  Factory  
  198  13:13  Command Center, Factory  
  198  13:14  Factory  
  198  13:22  Factory  
  198  13:25  Terran Vehicle And Ship Armor Level 3  
  183  13:35  Thor x3  
  192  13:41  Thor  
  159  13:58  Factory Tech Lab  
  144  14:16  Factory Tech Lab x2  
  138  14:18  Thor x3  
  138  14:22  Orbital Command  
  138  14:23  Orbital Command x2  
  156  14:24  Thor  
  156  14:28  Thor  
  162  14:34  Thor  
  162  14:36  Thor  
  168  15:00  Thor  
  168  15:01  Thor x2  
  186  15:08  Refinery  
  186  15:10  Refinery  
  186  15:11  Orbital Command x2  
  186  15:14  Thor  
  186  15:17  Thor  
  198  15:46  Orbital Command  
  198  15:47  Orbital Command  
  192  15:50  Thor  
  174  16:35  Refinery  
Show
View Real Time Build Order
Export as new Build Order

Rimaani Terran - Winner!

Build Orders: 2 Factory, Hellion Opening 

Get SALT Encoding   

  12  0:00  SCV  
  13  0:12  SCV  
  14  0:18  Supply Depot  
  14  0:24  SCV  
  15  0:31  Refinery  
  15  0:41  Barracks  
  15  0:44  SCV  
  16  0:53  Refinery  
  16  0:56  SCV  
  17  1:08  SCV  
  18  1:21  SCV  
  19  1:30  Factory  
  19  1:35  Barracks Reactor  
  19  1:38  Orbital Command  
  19  1:57  Factory  
  19  2:06  SCV  
  20  2:09  Supply Depot  
  20  2:17  Barracks Tech Lab  
  20  2:18  SCV  
  20  2:20  Hellion  
  23  2:30  SCV  
  23  2:31  Hellion  
  23  2:35  Supply Depot  
  26  2:42  Hellion  
  28  2:47  Infernal Pre-Igniter  
  28  2:52  Hellion  
  28  2:53  SCV  
  28  2:58  Supply Depot  
  31  3:01  Hellion  
  33  3:18  Hellion x2  
  37  3:22  Hellion  
  43  3:42  Engineering Bay  
  39  3:58  Widow Mine x2  
  39  4:04  Barracks  
  39  4:06  Barracks Tech Lab  
  39  4:08  Command Center  
  39  4:09  Terran Infantry Weapons Level 1  
  39  4:11  Missile Turret  
  39  4:32  Missile Turret  
  39  4:40  Factory Tech Lab  
  39  4:46  Starport, Barracks  
  39  4:50  Widow Mine  
  41  4:55  Barracks Reactor  
  41  4:56  SCV  
  42  5:08  SCV  
  42  5:10  Refinery  
  42  5:11  Marine  
  42  5:14  Stimpack  
  44  5:21  SCV  
  45  5:26  Orbital Command  
  45  5:29  Marine  
  46  5:35  Refinery  
  46  5:41  Barracks Reactor, SCV  
  46  5:42  Marine x2  
  49  5:53  SCV  
  50  5:59  Marine  
  50  6:01  Medivac x2  
  55  6:07  Marine x2  
  57  6:17  Marine x3  
  56  6:24  Marine x2  
  58  6:35  Marine x3  
  59  6:42  Marine, Command Center  
  60  6:53  Engineering Bay  
  56  7:04  SCV x2  
  58  7:08  Engineering Bay  
  58  7:11  Armory  
  58  7:16  SCV  
  59  7:25  Terran Infantry Armor Level 1, SCV  
  59  7:27  Supply Depot  
  59  7:28  SCV  
  51  7:42  Missile Turret  
  51  7:43  Combat Shield  
  51  7:45  SCV x2  
  53  7:54  Marine, Marauder  
  56  7:59  Terran Infantry Weapons Level 2  
  56  8:07  Orbital Command  
  47  8:31  Marine x5  
  43  8:35  SCV x2  
  43  8:36  Barracks x2, SCV  
  43  8:40  Terran Vehicle And Ship Armor Level 1  
  46  8:48  Marine  
  46  8:49  Marine x4  
  46  8:51  Medivac  
  46  8:52  Medivac  
  55  8:58  SCV x3  
  58  9:06  Marine x2  
  58  9:07  Marine x2  
  62  9:10  SCV x2  
  63  9:24  Barracks Reactor  
  63  9:25  Barracks Reactor  
  63  9:26  Marine x5  
  61  9:40  SCV x2  
  61  9:43  Marine  
  61  9:44  Marine x4, Supply Depot  
  68  9:46  Supply Depot  
  68  9:47  Supply Depot  
  68  9:48  Supply Depot  
  68  9:59  Medivac x2  
  72  10:01  Marine x3  
  72  10:02  Marine x2  
  72  10:10  Marine x4  
  74  10:17  Terran Infantry Armor Level 2  
  74  10:19  Marine x4  
  74  10:20  Marine  
  79  10:27  Marine x2  
  79  10:28  Marine x2  
  83  10:30  Terran Infantry Weapons Level 3  
  83  10:37  Marine x5  
  88  10:45  Marine x2  
  90  10:57  Marine x5  
  95  11:04  Marine x4  
  95  11:05  Command Center, Missile Turret  
  95  11:08  Missile Turret  
  99  11:15  Marine x2  
  96  11:28  Marine x2  
  96  11:29  Marine  
  96  11:32  Marine x5  
  97  11:36  Marine  
  93  11:45  Medivac x2  
  93  11:46  Marine x3  
  97  11:47  SCV x2  
  97  11:49  Marine  
  97  11:50  Marine x4  
  97  11:54  Marine  
  104  12:04  Marine x3  
  99  12:09  Marine  
  99  12:10  Marine x4  
  99  12:11  Marine  
  105  12:17  Supply Depot  
  105  12:18  Supply Depot  
  105  12:19  Supply Depot  
  105  12:21  Supply Depot  
  105  12:22  Marine  
  97  12:30  Medivac x2, Marine x5  
  97  12:31  Marine x3  
  101  12:40  Marine  
  102  12:48  Marine x5, SCV x2  
  102  12:49  Terran Infantry Armor Level 3  
  109  12:54  Terran Vehicle And Ship Armor Level 2  
  110  12:58  SCV  
  110  13:00  SCV  
  110  13:05  Supply Depot  
  111  13:06  Supply Depot  
  111  13:09  Medivac  
  111  13:10  Supply Depot  
  113  13:16  Marine x4  
  113  13:17  Marine x3  
  120  13:22  Medivac  
  120  13:25  SCV x2  
  110  13:39  Medivac  
  110  13:40  Marine x3  
  110  13:41  Marine x6  
  103  13:58  Marine x5  
  103  13:59  Marine x4  
  112  14:16  Marine x6  
  112  14:17  Marine x3  
  119  14:34  Marine x8  
  119  14:35  Marine  
  123  14:52  Marine x9  
  128  15:02  Medivac x2  
  132  15:09  Marine x3  
  132  15:10  Marine x6  
  141  15:24  Supply Depot  
  141  15:25  Supply Depot  
  141  15:27  Marine x5  
  141  15:28  Marine x4  
  148  15:29  Supply Depot  
  150  15:45  Marine x6  
  150  15:46  Marine x3  
  156  16:03  Marine x7  
  156  16:04  Marine x2  
  162  16:21  Marine x9  
  166  16:36  Command Center  
Show
View Real Time Build Order
Export as new Build Order

Toasted Protoss - Winner!

Build Orders: Nexus First, Phoenix Opening, Mass Phoenix 

Get SALT Encoding   

  12  0:00  Probe  
  13  0:12  Probe  
  14  0:18  Pylon  
  14  0:25  Probe (Chrono Boost)  
  15  0:37  Probe (Chrono Boost)  
  16  0:45  Probe (Chrono Boost)  
  17  0:54  Probe  
  18  1:04  Nexus  
  18  1:18  Gateway  
  18  1:20  Probe  
  18  1:23  Assimilator  
  19  1:29  Assimilator  
  19  1:35  Pylon  
  19  1:37  Probe  
  20  1:49  Probe  
  21  2:06  Cybernetics Core  
  20  2:09  Probe (Chrono Boost)  
  21  2:19  Probe (Chrono Boost)  
  21  2:20  Probe (Chrono Boost)  
  23  2:26  Probe (Chrono Boost), Assimilator  
  23  2:27  Probe (Chrono Boost)  
  25  2:35  Probe (Chrono Boost)  
  25  2:36  Probe (Chrono Boost)  
  29  2:44  Probe (Chrono Boost)  
  29  2:46  Probe (Chrono Boost)  
  29  2:47  Stargate  
  29  2:49  Stargate  
  29  2:50  Probe  
  29  2:55  Probe  
  31  3:07  Probe (Chrono Boost)  
  31  3:09  Pylon  
  33  3:13  Assimilator  
  33  3:15  Probe (Chrono Boost)  
  33  3:19  Stargate, Probe (Chrono Boost)  
  34  3:24  Probe (Chrono Boost)  
  34  3:25  Probe (Chrono Boost)  
  38  3:36  Phoenix (Chrono Boost)  
  38  3:38  Probe  
  38  3:39  Phoenix (Chrono Boost)  
  38  3:40  Probe  
  42  3:52  Phoenix (Chrono Boost), Pylon  
  44  3:58  Phoenix  
  46  4:05  Phoenix  
  48  4:21  Nexus  
  48  4:26  Pylon  
  48  4:27  Probe  
  48  4:28  Probe  
  50  4:35  Shield Battery  
  50  4:39  Phoenix  
  52  4:47  Phoenix  
  52  4:51  Phoenix  
  56  4:57  Probe x2  
  58  5:03  Shield Battery  
  58  5:09  Probe x2  
  50  5:40  Phoenix (Chrono Boost)  
  50  5:41  Phoenix x2 (Chrono Boost)  
  57  5:42  Probe (Chrono Boost)  
  57  5:45  Probe x2 (Chrono Boost)  
  57  5:47  Assimilator  
  57  5:49  Assimilator  
  57  5:54  Probe (Chrono Boost)  
  60  5:58  Fleet Beacon, Probe x2 (Chrono Boost)  
  60  5:59  Probe (Chrono Boost)  
  60  6:01  Phoenix (Chrono Boost)  
  60  6:02  Pylon  
  63  6:04  Phoenix (Chrono Boost)  
  63  6:06  Probe x2  
  63  6:09  Phoenix  
  69  6:12  Probe  
  69  6:18  Shield Battery, Probe  
  71  6:24  Probe  
  71  6:25  Probe, Phoenix (Chrono Boost)  
  75  6:30  Probe  
  76  6:38  Probe  
  76  6:39  Probe, Phoenix (Chrono Boost)  
  76  6:40  Protoss Air Weapons Level 1 (Chrono Boost), Phoenix (Chrono Boost)  
  76  6:42  Probe  
  76  6:45  Anion Pulse-Crystals  
  81  6:50  Probe  
  82  6:58  Pylon  
  82  7:01  Pylon  
  82  7:03  Pylon  
  82  7:06  Phoenix (Chrono Boost)  
  82  7:13  Phoenix x2 (Chrono Boost)  
  82  7:19  Probe  
  82  7:20  Probe x2  
  85  7:23  Pylon  
  85  7:27  Forge  
  85  7:29  Phoenix x3 (Chrono Boost)  
  91  7:52  Nexus  
  91  7:53  Phoenix x3  
  91  7:55  Pylon, Probe  
  91  7:56  Probe x2  
  100  8:05  Photon Cannon  
  100  8:08  Probe  
  101  8:18  Phoenix x2  
  101  8:28  Protoss Air Weapons Level 2 (Chrono Boost)  
  101  8:32  Phoenix  
  103  8:41  Pylon  
  103  8:43  Probe x3, Pylon  
  103  8:44  Phoenix (Chrono Boost)  
  103  8:47  Pylon, Phoenix (Chrono Boost), Assimilator  
  110  8:50  Assimilator  
  110  8:55  Probe x2  
  112  8:56  Phoenix (Chrono Boost)  
  112  8:57  Probe  
  115  9:05  Probe  
  115  9:06  Phoenix (Chrono Boost)  
  115  9:07  Probe  
  115  9:09  Photon Cannon, Probe  
  122  9:10  Phoenix (Chrono Boost)  
  122  9:11  Probe  
  122  9:12  Phoenix (Chrono Boost)  
  125  9:17  Probe  
  125  9:19  Probe  
  125  9:23  Phoenix  
  109  9:46  Phoenix x2  
  109  9:48  Phoenix  
  95  10:09  Photon Cannon  
  95  10:11  Phoenix x2  
  95  10:13  Photon Cannon, Tempest (Chrono Boost)  
  103  10:15  Photon Cannon  
  103  10:17  Photon Cannon  
  103  10:21  Photon Cannon  
  103  10:23  Shield Battery, Stargate  
  103  10:25  Pylon  
  103  10:28  Shield Battery x2, Protoss Air Weapons Level 3 (Chrono Boost)  
  103  10:30  Tempest (Chrono Boost)  
  103  10:31  Pylon  
  103  10:33  Tempest (Chrono Boost)  
  111  10:45  Robotics Facility  
  111  10:50  Tempest (Chrono Boost)  
  115  10:59  Tempest  
  115  11:06  Tempest  
  115  11:09  Tempest  
  127  11:29  Tempest  
  131  11:36  Nexus  
  131  11:39  Assimilator  
  131  11:42  Assimilator, Pylon, Tempest  
  131  11:45  Pylon  
  135  11:49  Tempest, Pylon  
  135  11:52  Tempest  
  129  12:11  Tempest  
  129  12:14  Probe  
  134  12:20  Photon Cannon  
  134  12:22  Photon Cannon  
  134  12:24  Photon Cannon  
  134  12:25  Tempest  
  134  12:27  Photon Cannon  
  134  12:28  Pylon  
  138  12:32  Tempest, Pylon  
  138  12:35  Tempest  
  146  12:38  Protoss Shields Level 1  
  146  12:44  Protoss Air Armor Level 1 (Chrono Boost)  
  146  12:50  Probe  
  147  12:54  Tempest  
  151  13:02  Probe  
  151  13:04  Observer  
  153  13:08  Tempest  
  157  13:14  Tempest  
  157  13:15  Probe  
  157  13:17  Tempest  
  162  13:23  Unknown  
  161  13:27  Probe  
  161  13:29  Observer  
  162  13:37  Tempest  
  162  13:39  Probe  
  165  13:51  Tempest  
  169  13:57  Tempest  
  169  14:00  Tempest  
  157  14:20  Tempest  
  145  14:34  Tempest  
  149  14:40  Tempest  
  149  14:43  Tempest  
  153  15:04  Tempest (Chrono Boost)  
  145  15:15  Tempest (Chrono Boost)  
  145  15:20  Tempest (Chrono Boost)  
  149  15:23  Tempest (Chrono Boost)  
  157  15:41  Tempest (Chrono Boost)  
  161  15:49  Tempest  
  161  15:56  Tempest  
Tags
 
Add a new tag
Caveats
  • Supply blocks, unpowered buildings, or Contaminate may cause inaccurate times.
  • Supply counts are checked every 10 seconds.